ITL
TRENTON STARS @ HAVANA ROLLERS
06/11/2025
 
TOP OF THE 1ST
Trenton Stars batting - Pitching for Havana Rollers : LHP Esteban Baca
Pitching: LHP Esteban Baca
Batting: LHB Felipe Guerrero 0-0: Ball
1-0: Fly out, F6 (Line Drive, 6)
Batting: RHB Felipe Olivas 0-0: Ball
1-0: Called Strike
1-1: Ground out 1-3 (Groundball, 25)
Batting: RHB Salvador Gonzáles 0-0: Called Strike
0-1: Ball
1-1: Ball
2-1: Foul Ball, location: 2F
2-2: SINGLE (Flyball, 9LM)
Batting: RHB Clancy Booker 0-0: Ball
1-0: Ball
2-0: Called Strike
2-1: Ball
3-1: Base on Balls
Salvador Gonzáles to second
Batting: LHB Ju-wei Shiu 0-0: Ball
1-0: SINGLE (Line Drive, 78S)
Salvador Gonzáles to third
Clancy Booker to second
Runner from 3rd tries for Home, SAFE, no throw or cutoff
Batting: RHB Jesús Dávila 0-0: Ball
1-0: Called Strike
1-1: Fly out, F9 (Flyball, 89M)
Top of the 1st over - 1 run(s), 2 hit(s), 0 error(s), 2 left on base; Trenton 1 - Havana 0
BOTTOM OF THE 1ST
Havana Rollers batting - Pitching for Trenton Stars : RHP Chad Field
Pitching: RHP Chad Field
Batting: RHB Ed Sims 0-0: Called Strike
0-1: Foul Ball, location: 2F
0-2: Ball
1-2: Fly out, F4 (Popup, 4)
Batting: RHB Victor Andrews 0-0: Fly out, F7 (Line Drive, 78M)
Batting: LHB Doug Thompson 0-0: Swinging Strike
0-1: Ball
1-1: Fly out, F7 (Flyball, 7LMF)
Bottom of the 1st over - 0 run(s), 0 hit(s), 0 error(s), 0 left on base; Trenton 1 - Havana 0
TOP OF THE 2ND
Trenton Stars batting - Pitching for Havana Rollers : LHP Esteban Baca
Batting: LHB Alberto Gómez 0-0: Called Strike
0-1: Bunt for hit - play at first, batter OUT! 6-3
Batting: RHB Chris Cole 0-0: Ball
1-0: DOUBLE (Flyball, 8LM)
Batting: SHB Rafael Villa 0-0: Ball
1-0: Ball
2-0: Fly out, F8 (Flyball, 8LM)
Batting: LHB Felipe Guerrero 0-0: Called Strike
0-1: Swinging Strike
0-2: Ball
1-2: Strikes out swinging
Top of the 2nd over - 0 run(s), 1 hit(s), 0 error(s), 1 left on base; Trenton 1 - Havana 0
BOTTOM OF THE 2ND
Havana Rollers batting - Pitching for Trenton Stars : RHP Chad Field
Batting: LHB Wilson Allen 0-0: Fly out, F8 (Flyball, 89XD)
Batting: LHB Enrique Cortéz 0-0: Ball
1-0: Ball
2-0: Ball
3-0: SINGLE (Groundball, 4MD)
Batting: RHB Dani Gómez 0-0: Ball
1-0: Foul Ball, location: 2F
1-1: Swinging Strike
1-2: Strikes out swinging
Batting: RHB José Hernández 0-0: Ball
1-0: Hit by Pitch
Enrique Cortéz to second
Batting: RHB Carlos MacKinney 0-0: Called Strike
0-1: Foul Ball, location: 2F
0-2: Strikes out swinging
Bottom of the 2nd over - 0 run(s), 1 hit(s), 0 error(s), 2 left on base; Trenton 1 - Havana 0
TOP OF THE 3RD
Trenton Stars batting - Pitching for Havana Rollers : LHP Esteban Baca
Batting: RHB Felipe Olivas 0-0: Fly out, F8 (Flyball, 8RM)
Batting: RHB Salvador Gonzáles 0-0: Called Strike
0-1: Foul Ball, location: 2F
0-2: Strikes out swinging
Batting: RHB Clancy Booker 0-0: Ground out 1-3 (Groundball, 13S)
Top of the 3rd over - 0 run(s), 0 hit(s), 0 error(s), 0 left on base; Trenton 1 - Havana 0
BOTTOM OF THE 3RD
Havana Rollers batting - Pitching for Trenton Stars : RHP Chad Field
Batting: RHB Chad Case 0-0: Ball
1-0: Fly out, F8 (Line Drive, 8RM)
Batting: RHB Ed Sims 0-0: Called Strike
0-1: Foul Ball, location: 2F
0-2: Ball
1-2: Ball
2-2: Foul Ball, location: 2F
2-2: Ball
3-2: Fly out, F9 (Flyball, 89D)
Batting: RHB Victor Andrews 0-0: Ball
1-0: Ball
2-0: Ball
3-0: Called Strike
3-1: Foul Ball, location: 2F
3-2: Ground out 4-3 (Groundball, 4M)
Bottom of the 3rd over - 0 run(s), 0 hit(s), 0 error(s), 0 left on base; Trenton 1 - Havana 0
TOP OF THE 4TH
Trenton Stars batting - Pitching for Havana Rollers : LHP Esteban Baca
Batting: LHB Ju-wei Shiu 0-0: Foul Ball, location: 2F
0-1: Foul Ball, location: 2F
0-2: Ball
1-2: Foul Ball, location: 2F
1-2: Ball
2-2: Ground out 6-3 (Groundball, 6)
Batting: RHB Jesús Dávila 0-0: Ball
1-0: Ball
2-0: Foul Ball, location: 2F
2-1: Ground out 5-3 (Groundball, 56S)
Batting: LHB Alberto Gómez 0-0: Ball
1-0: Swinging Strike
1-1: Ball
2-1: Foul Ball, location: 2F
2-2: SINGLE (Groundball, 34) (infield hit)
Batting: RHB Chris Cole 0-0: Ball
1-0: Foul Ball, location: 2F
1-1: Ball
2-1: SINGLE (Groundball, 13) (infield hit)
Alberto Gómez to second
Batting: SHB Rafael Villa 0-0: Ball
1-0: Fly out, F7 (Flyball, 78M)
Top of the 4th over - 0 run(s), 2 hit(s), 0 error(s), 2 left on base; Trenton 1 - Havana 0
BOTTOM OF THE 4TH
Havana Rollers batting - Pitching for Trenton Stars : RHP Chad Field
Batting: LHB Doug Thompson 0-0: Foul Ball, location: 2F
0-1: Ball
1-1: Foul Ball, location: 2F
1-2: Foul Ball, location: 2F
1-2: Ground out U3 (Groundball, 3)
Batting: LHB Wilson Allen 0-0: Ball
1-0: Ball
2-0: Called Strike
2-1: Called Strike
2-2: Foul Ball, location: 2F
2-2: SINGLE (Line Drive, 56D)
Batting: LHB Enrique Cortéz 0-0: Ball
1-0: Ball
2-0: Fly out, F7 (Flyball, 78D)
Batting: RHB Dani Gómez 0-0: Called Strike
0-1: Ball
1-1: Ball
2-1: Foul Ball, location: 2F
2-2: Ball
3-2: Foul Ball, location: 2F
3-2: Foul Ball, location: 2F
3-2: Base on Balls
Wilson Allen to second
Batting: RHB José Hernández 0-0: Ball
1-0: Called Strike
1-1: Foul Ball, location: 2F
1-2: Ball
2-2: Foul Ball, location: 2F
2-2: Strikes out swinging
Bottom of the 4th over - 0 run(s), 1 hit(s), 0 error(s), 2 left on base; Trenton 1 - Havana 0
TOP OF THE 5TH
Trenton Stars batting - Pitching for Havana Rollers : LHP Esteban Baca
Batting: LHB Felipe Guerrero 0-0: Swinging Strike
0-1: Ball
1-1: Ball
2-1: Ball
3-1: Ground out U3 (Groundball, 3L)
Batting: RHB Felipe Olivas 0-0: Fly out, F8 (Flyball, 8RM)
Batting: RHB Salvador Gonzáles 0-0: Foul Ball, location: 2F
0-1: Ball
1-1: Foul Ball, location: 2F
1-2: Strikes out swinging, 2-3 out at first.
Top of the 5th over - 0 run(s), 0 hit(s), 0 error(s), 0 left on base; Trenton 1 - Havana 0
BOTTOM OF THE 5TH
Havana Rollers batting - Pitching for Trenton Stars : RHP Chad Field
Batting: RHB Carlos MacKinney 0-0: Foul Ball, location: 2F
0-1: Ball
1-1: Foul Ball, location: 2F
1-2: Strikes out swinging
Batting: RHB Chad Case 0-0: Ball
1-0: Called Strike
1-1: Ball
2-1: Called Strike
2-2: Ball
3-2: SINGLE (Groundball, 6M)
Batting: RHB Ed Sims 0-0: Ball
1-0: SINGLE (Flyball, 89S)
Chad Case to second
Batting: RHB Victor Andrews 0-0: Foul Ball, location: 2F
0-1: Called Strike
Chad Case steals 3rd base
Ed Sims to second
0-2: Foul Ball, location: 2F
0-2: Ball
Reached via error on a dropped throw, E3
Chad Case scores
Ed Sims to third
Batting: LHB Doug Thompson 0-0: Ball
1-0: Called Strike
1-1: Grounds into double play, 4-6-3 (Groundball, 4)
Bottom of the 5th over - 1 run(s), 2 hit(s), 1 error(s), 1 left on base; Trenton 1 - Havana 1
TOP OF THE 6TH
Trenton Stars batting - Pitching for Havana Rollers : LHP Esteban Baca
Batting: RHB Clancy Booker 0-0: Ball
1-0: Called Strike
1-1: SOLO HOME RUN (Flyball, 7LD), Distance : 364 ft
Batting: LHB Ju-wei Shiu 0-0: Ball
1-0: Foul Ball, location: 2F
1-1: Ball
2-1: Foul Ball, location: 2F
2-2: SINGLE (Line Drive, 34D)
Batting: RHB Jesús Dávila 0-0: Called Strike
0-1: Ball
1-1: Ball
2-1: Ball
3-1: Swinging Strike
3-2: Base on Balls
Ju-wei Shiu to second
Batting: LHB Alberto Gómez 0-0: SINGLE (Line Drive, 9S)
Ju-wei Shiu to third
Jesús Dávila to second
Batting: RHB Chris Cole 0-0: Called Strike
0-1: Ball
1-1: Swinging Strike
1-2: Strikes out looking
Batting: SHB Rafael Villa 0-0: Foul Ball, location: 2F
0-1: Swinging Strike
0-2: Ball
1-2: Ball
2-2: Fly out, F5 (Line Drive, 5)
Batting: LHB Felipe Guerrero 0-0: Ball
1-0: Ball
2-0: Called Strike
2-1: Foul Ball, location: 2F
2-2: Ground out U3 (Groundball, 3S)
Top of the 6th over - 1 run(s), 3 hit(s), 0 error(s), 3 left on base; Trenton 2 - Havana 1
BOTTOM OF THE 6TH
Havana Rollers batting - Pitching for Trenton Stars : RHP Chad Field
Pitching: RHP Manuel Jimenen
Batting: LHB Wilson Allen 0-0: Ball
1-0: Foul Ball, location: 2F
1-1: Ball
2-1: Called Strike
2-2: Ball
3-2: SOLO HOME RUN (Flyball, 8RXD), Distance : 501 ft
Batting: LHB Enrique Cortéz 0-0: Ball
1-0: Ball
2-0: Called Strike
2-1: Ground out 4-3 (Groundball, 4MS)
Batting: RHB Dani Gómez 0-0: Called Strike
0-1: Ball
1-1: Ball
2-1: Ball
3-1: Base on Balls
Batting: RHB José Hernández Pickoff Throw to First - Error! E1
Dani Gómez to second
0-0: Swinging Strike
0-1: Called Strike
0-2: Strikes out looking
Batting: RHB Carlos MacKinney 0-0: Ball
1-0: Foul Ball, location: 2F
1-1: Swinging Strike
1-2: Ball
2-2: Strikes out swinging
Bottom of the 6th over - 1 run(s), 1 hit(s), 1 error(s), 1 left on base; Trenton 2 - Havana 2
TOP OF THE 7TH
Trenton Stars batting - Pitching for Havana Rollers : LHP Esteban Baca
Batting: RHB Felipe Olivas 0-0: Ball
1-0: Swinging Strike
1-1: Ball
2-1: Called Strike
2-2: Ball
3-2: Fly out, F8 (Flyball, 8RM)
Pitching: RHP Alejandro Pérez
Batting: RHB Salvador Gonzáles 0-0: Called Strike
0-1: Ball
1-1: Ball
2-1: Swinging Strike
2-2: Fly out, F1 (Popup, 25)
Batting: RHB Clancy Booker 0-0: Fly out, F6 (Line Drive, 6D)
Top of the 7th over - 0 run(s), 0 hit(s), 0 error(s), 0 left on base; Trenton 2 - Havana 2
BOTTOM OF THE 7TH
Havana Rollers batting - Pitching for Trenton Stars : RHP Manuel Jimenen
Pinch Hitting: LHB Bob Martin 0-0: Ball
1-0: Called Strike
1-1: Called Strike
1-2: Strikes out swinging
Pinch Hitting: LHB Jimmy Husted 0-0: Ball
1-0: Foul Ball, location: 2F
1-1: Swinging Strike
1-2: Ball
2-2: SINGLE (Groundball, 56D)
Batting: RHB Victor Andrews 0-0: Ball
1-0: Called Strike
1-1: Foul Ball, location: 2F
1-2: 2-RUN HOME RUN (Flyball, 7D), Distance : 373 ft
Batting: LHB Doug Thompson 0-0: Ball
1-0: Called Strike
1-1: Ball
2-1: Called Strike
2-2: Strikes out swinging
Batting: LHB Wilson Allen 0-0: SOLO HOME RUN (Line Drive, 7D), Distance : 388 ft
Pitching: RHP Ki-tong Shiu
Batting: LHB Enrique Cortéz 0-0: Called Strike
0-1: Ball
1-1: SINGLE (Groundball, 56D)
Batting: RHB Dani Gómez 0-0: Called Strike
0-1: Ground out 4-3 (Groundball, 34)
Bottom of the 7th over - 3 run(s), 4 hit(s), 0 error(s), 1 left on base; Trenton 2 - Havana 5
TOP OF THE 8TH
Trenton Stars batting - Pitching for Havana Rollers : RHP Alejandro Pérez
Now at 2B: Bob Martin
Now at SS: Felipe Cruz
Batting: LHB Ju-wei Shiu 0-0: Foul Ball, location: 2F
0-1: Foul Ball, location: 2F
0-2: Ball
1-2: Foul Ball, location: 2F
1-2: Fly out, F7 (Flyball, 78XD)
Batting: RHB Jesús Dávila 0-0: Called Strike
0-1: Ball
1-1: Ball
2-1: Fly out, F3 (Popup, 3F)
Batting: LHB Alberto Gómez 0-0: Ground out 1-3 (Groundball, 15S)
Top of the 8th over - 0 run(s), 0 hit(s), 0 error(s), 0 left on base; Trenton 2 - Havana 5
BOTTOM OF THE 8TH
Havana Rollers batting - Pitching for Trenton Stars : RHP Ki-tong Shiu
Batting: RHB José Hernández 0-0: Ground out 6-3 (Groundball, 6MD)
Batting: RHB Carlos MacKinney 0-0: Called Strike
0-1: SINGLE (Groundball, 56D)
Batting: LHB Bob Martin 0-0: Ball
1-0: Swinging Strike
1-1: Foul Ball, location: 2F
1-2: Strikes out looking
Batting: LHB Felipe Cruz 0-0: Ground out 3-1 (Groundball, 34)
Bottom of the 8th over - 0 run(s), 1 hit(s), 0 error(s), 1 left on base; Trenton 2 - Havana 5
TOP OF THE 9TH
Trenton Stars batting - Pitching for Havana Rollers : RHP Alejandro Pérez
Pitching: RHP Kei Hashimoto
Batting: RHB Chris Cole 0-0: Ball
1-0: Called Strike
1-1: Foul Ball, location: 2F
1-2: Ball
2-2: Strikes out swinging
Batting: SHB Rafael Villa 0-0: Called Strike
0-1: SINGLE (Flyball, 78S)
Batting: LHB Felipe Guerrero 0-0: Ball
1-0: Called Strike
1-1: DOUBLE (Groundball, 3L)
Rafael Villa to third
Batting: RHB Felipe Olivas 0-0: Ball
1-0: SINGLE (Groundball, 4MD)
Rafael Villa scores
Felipe Guerrero to third
Batting: RHB Salvador Gonzáles 0-0: Called Strike
0-1: Ball
1-1: Ball
2-1: Ball
3-1: Base on Balls
Felipe Olivas to second
Batting: RHB Clancy Booker 0-0: Called Strike
0-1: Ball
1-1: Ball
2-1: Swinging Strike
2-2: SINGLE (Line Drive, 9S)
Felipe Guerrero scores
Felipe Olivas to third
Salvador Gonzáles to second
Runner from 3rd tries for Home, SAFE, throw made home
Salvador Gonzáles to third
Clancy Booker to second
Pitching: LHP Mike Doss
Pinch Hitting: RHB Joe Fisher 0-0: Swinging Strike
0-1: Foul Ball, location: 2F
0-2: Ball
1-2: SINGLE (Groundball, 6)
Salvador Gonzáles scores
Clancy Booker to third
Batting: RHB Jesús Dávila 0-0: Ball
1-0: Called Strike
1-1: Ball
2-1: Foul Ball, location: 2F
2-2: Strikes out swinging
Pinch Hitting: RHB Rafael Canales 0-0: Ball
1-0: Ground out 6-3 (Groundball, 56)
Top of the 9th over - 4 run(s), 5 hit(s), 0 error(s), 2 left on base; Trenton 6 - Havana 5
BOTTOM OF THE 9TH
Havana Rollers batting - Pitching for Trenton Stars : RHP Ki-tong Shiu
Pitching: RHP Corey Wilson
Now at 1B: Joe Fisher
Now at 2B: José Barajas
Now at 3B: Kenji Murayama
Batting: RHB Victor Andrews 0-0: Ball
1-0: Foul Ball, location: 2F
1-1: Called Strike
1-2: Ball
2-2: Foul Ball, location: 2F
2-2: Ball
3-2: Foul Ball, location: 2F
3-2: Strikes out swinging
Batting: LHB Doug Thompson 0-0: Called Strike
0-1: SINGLE (Line Drive, 78S)
Batting: LHB Wilson Allen 0-0: Swinging Strike
0-1: Foul Ball, location: 2F
0-2: Ball
1-2: Strikes out looking
Batting: LHB Enrique Cortéz 0-0: Ball
1-0: Called Strike
1-1: Ground out 4-3 (Groundball, 34)
Bottom of the 9th over - 0 run(s), 1 hit(s), 0 error(s), 1 left on base; Trenton 6 - Havana 5
This league is powered by Out of the Park Baseball, the baseball management simulation game for PC, Mac and Linux
Tuesday, August 2nd, 2016 - OOTP Baseball 16.8 Build 38